 Dungeon Crawl Stone Soup version 0.28-a0-1339-ga5422284a4 (webtiles) character file.

Game seed: 14478001287855676583

264999 browni3141 the Fencer (level 19, 0/178 HPs)
             Began as a Palentonga Berserker on Dec 28, 2021.
             Was a High Priest of Jiyva.
             Slain by a wolf spider (6 damage)
             ... on level 3 of the Spider Nest.
             The game lasted 01:37:55 (35086 turns).

browni3141 the Fencer (Palentonga Berserker)       Turns: 35086, Time: 01:37:56

Health: 0/178      AC: 40    Str: 35    XL:     19   Next: 67%
Magic:  19/19      EV:  8    Int: 12    God:    Jiyva [*****.]
Gold:   940        SH:  0    Dex: 13    Spells: 18/18 levels left

rFire   + + +      SeeInvis +   a - +8 great sword "Kyes" {vorpal, rPois rF+ Will+}
rCold   + + .      Faith    .   M - orb {mayhem}
rNeg    + . .      Spirit   .   C - +4 scale mail of Jonnueha {Will+ Regen+}
rPois   +          Reflect  .   (helmet restricted)
rElec   +          Harm     .   K - +2 cloak of the Purple Skies {rF+ rC+}
rCorr   +          Rampage  .   T - +2 pair of gloves
Will    +++++                   w - +4 barding of Claustrophobia {rElec rF+ rCorr Str+6}
Stlth   ..........              Z - macabre finger necklace {rN+}
HPRegen 2.63/turn               B - ring "Laosigiy" {Int+4 Slay+4}
MPRegen 0.61/turn               E - ring "Ulei" {rF+ EV+4 Str+4}
                                s - ring of protection from cold

@: held, studying 2 skills, curled up
A: large, rugged brown scales 3, see invisible, deformed body, roll 1, armoured
tail, reflexive curl, horns 1, large bone plates 1, strong-willed 3, electricity
resistance, jelly sensing items
}: 1/15 runes: slimy
a: Rolling Charge, Renounce Religion, Oozemancy, Slimify


You were on level 3 of the Spider Nest.
You worshipped Jiyva.
Jiyva was extremely pleased with you.
You visited 6 branches of the dungeon, and saw 35 of its levels.
You visited the Abyss 1 time.
You also visited: Bailey, Ice Cave and Wizlab.

You collected 6198 gold pieces.
You spent 5258 gold pieces at shops.

Inventory:

Hand Weapons
 a - the +8 great sword "Kyes" (weapon) {vorpal, rPois rF+ Will+}
   (Trog gifted it to you on level 8 of the Dungeon)

   It inflicts extra damage upon your enemies.
   rF:        It protects you from fire.
   rPois:     It protects you from poison.
   Will:      It increases your willpower.
 b - a +5 triple crossbow of flaming
 J - a +4 triple crossbow of freezing
Missiles
 d - 327 bolts
 V - 3 throwing nets
Armour
 o - an orb of guile
 u - the +2 helmet of the Hunter {rF+ Regen+ Slay+3}
   (You found it on level 5 of the Dungeon)

   Slay:      It affects your accuracy & damage with ranged weapons and melee
   (+3).
   rF:        It protects you from fire.
   Regen:     It increases your rate of health regeneration.
 w - the +4 barding of Claustrophobia (worn) {rElec rF+ rCorr Str+6}
   (You acquired it on level 7 of the Dungeon)

   Str:       It affects your strength (+6).
   rF:        It protects you from fire.
   rElec:     It insulates you from electricity.
   rCorr:     It protects you from acid and corrosion.
 C - the +4 scale mail of Jonnueha (worn) {Will+ Regen+}
   (You found it on level 3 of the Elven Halls)

   Regen:     It increases your rate of health regeneration.
   Will:      It increases your willpower.
 K - the +2 cloak of the Purple Skies (worn) {rF+ rC+}
   (You found it in a wizard's laboratory)

   rF:        It protects you from fire.
   rC:        It protects you from cold.
 M - an orb of mayhem (worn)
 T - a +2 pair of gloves (worn)
Jewellery
 s - a ring of protection from cold (on amulet)
 x - the ring of Puliudur {Fire Int+4}
   (You found it on level 3 of the Lair of Beasts)

   [ring of fire]

   It enhances your fire magic.
   Int:       It affects your intelligence (+4).
   rF:        It protects you from fire.
   rC:        It makes you vulnerable to cold.
 B - the ring "Laosigiy" (left hand) {Int+4 Slay+4}
   (You took it off a deep elf death mage on level 3 of the Elven Halls)

   [ring of slaying]

   Int:       It affects your intelligence (+4).
   Slay:      It affects your accuracy & damage with ranged weapons and melee
   (+4).
 E - the ring "Ulei" (right hand) {rF+ EV+4 Str+4}
   (You found it on level 7 of the Dungeon)

   [ring of evasion]

   EV:        It affects your evasion (+4).
   Str:       It affects your strength (+4).
   rF:        It protects you from fire.
 Z - the macabre finger necklace (around neck) {rN+}
   (You bought it in a shop on level 2 of the Orcish Mines)

   [amulet of nothing]

   It enables you to equip an extra ring.
   rN:        It protects you from negative energy.
Wands
 g - a wand of charming (5)
 F - a wand of iceblast (8)
 H - a wand of polymorph (4)
 L - a wand of mindburst (42)
 Q - a wand of digging (20)
Scrolls
 f - a scroll of vulnerability
 h - 9 scrolls of magic mapping
 k - 9 scrolls of amnesia
 n - 11 scrolls of teleportation
 q - a scroll of summoning
 r - 5 scrolls of noise
 t - 7 scrolls of fog
 v - 5 scrolls of fear
 z - 3 scrolls of silence
 A - 2 scrolls of immolation
 O - 3 scrolls of brand weapon
 R - 2 scrolls of identify
 Y - a scroll of holy word
Potions
 c - 13 potions of curing
 e - 5 potions of heal wounds
 i - a potion of haste
 j - 4 potions of might
 l - a potion of invisibility
 m - a potion of berserk rage
 p - 7 potions of attraction
 D - 3 potions of magic
 G - 7 potions of resistance
 I - 7 potions of mutation
 N - 6 potions of flight
 S - 3 potions of lignification
 U - 10 potions of brilliance
 W - 2 potions of cancellation
 X - 6 potions of ambrosia
Miscellaneous
 y - a phantom mirror
 P - a condenser vane


   Skills:
 * Level 19.6 Fighting
 - Level 20.0 Long Blades
 * Level 13.2 Crossbows
 * Level 17.0 Armour
 - Level 5.0 Dodging
 - Level 8.0 Evocations


You had 18 spell levels left.
You didn't know any spells.
Your spell library contained the following spells:

 Spells                   Type           Power      Damage    Failure   Level
 Apportation              Tloc           0%         N/A       45%         1
 Sandblast                Erth           0%         2d4       45%         1
 Sting                    Tmut/Pois      0%         1d3       45%         1
 Blink                    Tloc           0%         N/A       58%         2
 Passwall                 Tmut/Erth      0%         N/A       58%         2
 Poisonous Vapours        Pois/Air       0%         N/A       58%         2
 Sublimation of Blood     Necr           0%         N/A       58%         2
 Wereblood                Tmut           0%         N/A       58%         2
 Confusing Touch          Hex            0%         N/A       83%         3
 Conjure Flame            Conj/Fire      0%         6-21      83%         3
 Gell's Gravitas          Tloc           0%         N/A       83%         3
 Inner Flame              Hex/Fire       0%         N/A       83%         3
 Lesser Beckoning         Tloc           0%         N/A       83%         3
 Stone Arrow              Conj/Erth      0%         3d7       83%         3
 Teleport Other           Tloc           0%         N/A       83%         3
 Fulminant Prism          Conj/Hex       0%         3d6       99%         4
 Iskenderun's Mystic Bla  Conj/Tloc      0%         2d3       99%         4
 Olgreb's Toxic Radiance  Pois           0%         N/A       99%         4
 Passage of Golubria      Tloc           0%         N/A       99%         4
 Fireball                 Conj/Fire      0%         3d3       100%        5
 Iskenderun's Battlesphe  Conj           0%         2d6       100%        5
 Manifold Assault         Tloc           0%         N/A       100%        5
 Yara's Violent Unravell  Hex/Tmut       0%         3d3       100%        5
 Death Channel            Necr           0%         N/A       100%        6
 Dispersal                Tloc           0%         N/A       100%        6
 Eringya's Noxious Bog    Tmut/Pois      0%         N/A       100%        6
 Iron Shot                Conj/Erth      0%         9d1       100%        6
 Simulacrum               Ice/Necr       0%         N/A       100%        6
 Starburst                Conj/Fire      0%         6d3       100%        6
 Enfeeble                 Hex            0%         N/A       100%        7
 Malign Gateway           Summ/Tloc      0%         N/A       100%        7
 Spellforged Servitor     Conj/Summ      0%         N/A       100%        7
 Storm Form               Tmut/Air       0%         N/A       100%        7
 Summon Hydra             Summ           0%         N/A       100%        7
 Disjunction              Tloc           0%         N/A       100%        8
 Ignition                 Fire           0%         3d3       100%        8


Dungeon Overview and Level Annotations

Branches:
Dungeon (15/15)            Temple (0/1) D:6            Lair (6/6) D:11
  Snake (0/4) Lair:4       Spider (4/4) Lair:2        Slime (5/5) Lair:5
    Orc (2/2) D:9             Elf (3/3) Orc:2        Vaults (0/5) D:13
 Depths (0/4) D:15         Bailey (visited)           IceCv (visited)
 WizLab (visited)

Altars:
Fedhas
Gozag
Kikubaaqudgha
Okawaru
Sif Muna
Wu Jian
Zin
Beogh
Jiyva

Shops:
D:2 ?   D:5 *   D:7 *   D:14 (   Orc:2 [!==   Elf:3 =?*[

Portals:
Trove: D:15 (show slimy rune of Zot)


Innate Abilities, Weirdness & Mutations

You are completely covered in rugged brown scales. (AC +3, +7% HP)
You have supernaturally acute eyesight. (SInv)
Armour fits poorly on your strangely shaped body.
You can roll at nearby foes to attack.
You have a long armoured tail.
You curl defensively after being hit. (AC +7*)
You have a pair of small horns on your head.
You are partially covered in large bone plates. (SH +4)
You are extremely strong-willed. (Will+++)
You are resistant to electric shocks. (rElec)
You have a small jelly attached to you that senses nearby items.


Message History

The culicivora bites you but does no damage.
The jumping spider closely misses you.
The jumping spider bites you but does no damage.
The wolf spider closely misses you. The wolf spider bites you.
* * * LOW HITPOINT WARNING * * *
Unknown command.
Unknown command.
Unknown command.
Unknown command.
As you read the scroll of fear, it crumbles to dust.
You assume a fearsome visage.
The culicivora looks frightened!
The wolf spider is unaffected.
The jumping spider is unaffected.
The jumping spider barely misses you. x2; The wolf spider hits you!
* * * LOW HITPOINT WARNING * * *
The wolf spider bites you!
* * * LOW HITPOINT WARNING * * *
The jumping spider pounces on you but does no damage.
The jumping spider barely misses you.
The wolf spider hits you but does no damage.
The wolf spider closely misses you.
Unknown command.
You feel much better. The jumping spider pounces on you.
* * * LOW HITPOINT WARNING * * *
The jumping spider bites you but does no damage.
The wolf spider barely misses you. x2; The jumping spider closely misses you.
The jumping spider barely misses you. The wolf spider barely misses you.
The wolf spider bites you but does no damage.
The jumping spider pounces on you!
* * * LOW HITPOINT WARNING * * *
The jumping spider bites you but does no damage.
You feel much better. The wolf spider hits you!
* * * LOW HITPOINT WARNING * * *
The wolf spider bites you!
* * * LOW HITPOINT WARNING * * *
The jumping spider pounces on you but does no damage.
The jumping spider bites you but does no damage.
The wolf spider hits you.
* * * LOW HITPOINT WARNING * * *
The wolf spider bites you.
You die...

##..#..........#
####..##..........#
###...^###..........#
.....####..s........#
...###...........#..# ^.##
#..............# .##
##....^.......### ##
#.........s....# #
##........@....# ##.......s...##
###.........# ##^......## ###
##....### ####.. ##..##
#######^.... ########## #..#
####...........
.....^...#####..###..........####
.#########....#.........######


You could see a wolf spider (berserk), a culicivora (fleeing) and a jumping
spider (berserk).

Vanquished Creatures
  A profane servitor (WizLab)
  Arachne (Spider:2)
  Jorgrun (Orc:1)
  12 acid blobs
  2 deep elf blademasters
  The ghost of Kusoirgh the Bludgeoner, an adept MiBe of Trog (Spider:2)
  Gastronok (D:11)
  5 tentacled starspawn
  Frances (D:14)
  An eldritch tentacle (WizLab)
  11 rockslimes
  14 azure jellies
  2 ghost moths
  A deep elf sorcerer (Elf:3)
  A juggernaut zombie (D:15)
  Louise (Spider:3)
  2 deep elf elementalists (Elf:3)
  A draconian shifter (WizLab)
  19 quicksilver oozes
  2 very ugly things (IceCv)
  A broodmother (Spider:3)
  2 stone giants
  A starcursed mass (Abyss:3)
  3 deep elf demonologists (Elf:3)
  2 dire elephants (Spider:1)
  2 deep elf annihilators
  3 spark wasps
  4 deep elf death magi (Elf:3)
  The ghost of pdpol the Prestidigitator, a journeyman GnWn of Ashenzari (Lair:3)
  8 vault guards (D:13)
  2 ice dragons
  3 deep elf high priests
  A fire dragon (Lair:6)
  8 hydras
  10 boulder beetles
  5 great orbs of eyes
  A rakshasa (D:8)
  A jorogumo (Spider:3)
  2 ogre magi (D:15)
  A radroach (Spider:3)
  2 death yaks (Lair:2)
  A death knight (D:12)
  13 two-headed ogres
  3 centaur warriors
  28 dancing weapons
  A tengu warrior (D:15)
  A death scarab (Spider:3)
  4 thrashing horrors
  3 orc high priests (Orc:2)
  Urug (Orc:2)
  19 deep elf knights
  A storm dragon zombie (D:15)
  3 large abominations
  6 pharaoh ants
  A wretched star (Abyss:3)
  The ghost of croobank the Covert, a novice GnDe of Gozag (D:8)
  6 skeletal warriors
  3 steelbarb worms
  2 glowing orange brains
  3 orb spiders (Spider:1)
  9 deep elf archers
  2 orange crystal statues (IceCv)
  A deep troll (Spider:3)
  3 lindwurms (Lair:6)
  An obsidian statue (WizLab)
  A wizard (D:14)
  A sphinx zombie (D:15)
  7 orc knights
  A spriggan simulacrum (Abyss:3)
  31 deep elf pyromancers
  25 deep elf zephyrmancers
  8 wolf spiders
  A shining eye (Slime:5)
  A salamander (shapeshifter) (D:8)
  5 manticores
  An oklob plant (Lair:6)
  2 orc sorcerers (Orc:2)
  A moth of wrath (Spider:3)
  13 cyclopes
  12 ugly things
  A tengu skeleton (WizLab)
  7 elephants (Lair:6)
  A worldbinder (WizLab)
  An elephant (shapeshifter) (Elf:2)
  9 black mambas
  A smoke demon (WizLab)
  2 gargoyles
  4 eyes of devastation
  An orange demon (Abyss:3)
  A demonspawn skeleton (WizLab)
  6 torpor snails
  7 cane toads
  A hellion (Abyss:3)
  4 kobold demonologists
  11 demonic crawlers
  Maggie (Lair:2)
  A spriggan zombie (D:15)
  4 rime drakes
  An unseen horror (D:11)
  An efreet (D:14)
  13 komodo dragons
  3 freezing wraiths
  An anaconda simulacrum (IceCv)
  A hellwing (WizLab)
  2 golden dragon simulacra (IceCv)
  11 hornets
  5 meliai
  A queen bee (Spider:2)
  4 trolls
  14 polar bears
  Prince Ribbit (D:5)
  13 tarantellas
  4 tyrant leeches
  4 raiju
  54 slime creatures
  15 blink frogs
  32 jumping spiders
  Sigmund (D:4)
  4 dire elephant simulacra (IceCv)
  4 wyverns
  A ynoxinul (WizLab)
  3 water elementals
  4 air elementals
  4 shadows
  11 culicivoras
  5 wraiths
  Eustachio (D:4)
  38 yaks
  2 golden eyes (Slime:5)
  A hog (shapeshifter) (D:13)
  A human (shapeshifter) (Elf:2)
  8 basilisks
  36 redbacks
  3 wargs (Lair:6)
  4 acid dragons
  2 harpy simulacra (IceCv)
  2 nagas (Lair:4)
  Edmund (D:3)
  6 spatial vortices (WizLab)
  14 water moccasins
  12 hell hounds
  2 hydra simulacra (IceCv)
  3 ice beasts
  22 orc warriors
  4 alligator simulacra (IceCv)
  3 ettin simulacra
  13 black bears
  A sky beast (D:8)
  A black mamba simulacrum (Lair:3)
  A necrophage (D:5)
  10 boggarts
  11 ogres
  20 wolves (Lair:6)
  6 centaurs
  A human skeleton (WizLab)
  2 kobold brigands
  A gnoll sergeant (D:13)
  3 scorpions
  13 bullfrogs
  An earth elemental (WizLab)
  A wyvern zombie (D:8)
  16 killer bees (Spider:2)
  A water moccasin skeleton (D:7)
  A rime drake simulacrum (Lair:3)
  11 wights
  4 electric eels (Bailey)
  A howler monkey (D:8)
  A small abomination (WizLab)
  A crimson imp (WizLab)
  A lava snake (D:12)
  3 centaur zombies
  A komodo dragon simulacrum (Lair:3)
  3 quasits (D:4)
  3 jellies (Lair:6)
  17 orc priests
  2 water moccasin simulacra (Lair:3)
  Crazy Yiuf (D:6)
  A centaur skeleton (D:7)
  A hound (D:5)
  Ijyb (D:2)
  2 iron imps (WizLab)
  A gnoll shaman (D:8)
  An iguana (D:3)
  10 hell rats
  20 orc wizards
  A scorpion zombie (D:5)
  A hound zombie (D:5)
  A hound skeleton (D:5)
  3 howler monkey zombies
  Robin (D:2)
  7 adders
  9 gnolls
  2 white imps
  2 ufetubi
  2 adder skeletons
  A worm (D:2)
  4 dart slugs (D:1)
  53 orcs
  4 bats
  7 endoplasms
  5 giant cockroaches
  34 goblins
  19 hobgoblins
  5 quokkas
  4 ball pythons
  A frilled lizard (D:2)
  25 kobolds
  A quokka skeleton (D:4)
  6 rats
  A bush (Lair:6)
  A starspawn tentacle (Abyss:3)
1203 creatures vanquished.

Vanquished Creatures (collateral kills)
  2 deep elf master archers (Elf:3)
  2 acid blobs
  A tentacled starspawn (Abyss:3)
  An azure jelly (Slime:1)
  A deep elf sorcerer (Elf:3)
  3 deep elf annihilators (Elf:3)
  5 deep elf death magi (Elf:3)
  A hydra (Lair:2)
  3 great orbs of eyes
  A boulder beetle (D:15)
  A dancing weapon (Elf:3)
  A death yak (Lair:2)
  A two-headed ogre (D:8)
  A deep elf knight (Elf:2)
  3 orb spiders
  A flayed ghost (D:15)
  A necromancer (D:15)
  2 deep elf pyromancers (Elf:2)
  An ugly thing (D:15)
  2 orc sorcerers (Orc:2)
  2 deep elf zephyrmancers (Elf:2)
  3 wolf spiders
  A moth of wrath (Spider:4)
  An apocalypse crab (Abyss:3)
  2 torpor snails (Lair:6)
  A freezing wraith (IceCv)
  An efreet (Abyss:3)
  A hornet (Spider:4)
  A polar bear (Lair:6)
  A blink frog (Lair:2)
  A meliai (Spider:3)
  A raiju (Lair:6)
  14 slime creatures
  A culicivora (Spider:4)
  8 jumping spiders
  3 yaks
  A spatial vortex (WizLab)
  4 redbacks
  2 hell hounds (Lair:6)
  3 black bears (Lair:6)
  2 orc warriors
  2 wolves (Lair:6)
  An ettin simulacrum (IceCv)
  4 wights (D:8)
  A killer bee (D:8)
  A quasit (Abyss:3)
  An orc priest (Orc:2)
  3 orc wizards
  5 hell rats
  4 orcs
  3 starspawn tentacles (Abyss:3)
113 creatures vanquished.

Vanquished Creatures (others)
  A deep elf blademaster (Elf:3)
  A deep elf elementalist (Elf:3)
  A starcursed mass (Abyss:3)
  A deep elf death mage (Elf:3)
  A deep elf high priest (Elf:3)
  2 deep elf knights (Elf:2)
  A steelbarb worm (Spider:4)
  A deep elf zephyrmancer (Elf:2)
  A deep elf pyromancer (Elf:2)
  3 wolf spiders
  A cyclops (D:15)
  A slime creature (Slime:5)
  An elephant (Lair:6)
  A rime drake (Lair:3)
  A freezing wraith (IceCv)
  2 polar bears
  A jumping spider (Spider:3)
  A culicivora (Spider:4)
  A yak (Lair:6)
  A warg (Lair:6)
  A hell hound (Lair:6)
  2 orc warriors (Orc:2)
  35 jellies
  An orc (Orc:2)
  19 fungi
  A lurking horror (Abyss:3)
  35 plants
  4 starspawn tentacles (Abyss:3)
122 creatures vanquished.

Grand Total: 1438 creatures vanquished

Notes
Turn   | Place    | Note
-------+----------+-------------------------------------------
     0 | D:1      | browni3141 the Palentonga Berserker began the quest for the
                  | Orb.
     0 | D:1      | Reached XP level 1. HP: 19/19 MP: 1/1
   152 | D:1      | Reached XP level 2. HP: 25/25 MP: 2/2
   511 | D:1      | Reached XP level 3. HP: 31/31 MP: 3/3
   640 | D:1      | Reached ** piety under Trog
  1047 | D:2      | Found a faded altar of an unknown god.
  1058 | D:2      | Noticed Robin
  1067 | D:2      | Killed Robin
  1068 | D:2      | Reached XP level 4. HP: 23/37 MP: 4/4
  1320 | D:2      | Noticed Ijyb
  1345 | D:2      | Killed Ijyb
  1525 | D:2      | Found Jyfol's Magic Scroll Shoppe.
  2034 | D:3      | Reached XP level 5. HP: 44/44 MP: 5/5
  2108 | D:3      | Reached *** piety under Trog
  2122 | D:3      | Reached skill level 4 in Long Blades
  2338 | D:3      | Noticed an ogre
  2390 | D:3      | Killed an ogre
  2439 | D:3      | Reached XP level 6. HP: 50/51 MP: 6/6
  3853 | D:4      | Gained mutation: You curl defensively after being hit. (AC
                  | +7*) [Palentonga growth]
  3853 | D:4      | Reached XP level 7. HP: 47/58 MP: 7/7
  4150 | D:4      | Noticed Edmund
  4183 | D:3      | Killed Edmund
  4184 | D:3      | Reached skill level 5 in Fighting
  4184 | D:3      | Reached skill level 5 in Long Blades
  4242 | D:4      | Noticed Eustachio
  4257 | D:4      | Killed Eustachio
  4652 | D:4      | Noticed Sigmund
  4664 | D:4      | Killed Sigmund
  4665 | D:4      | Reached XP level 8. HP: 67/67 MP: 8/8
  4844 | D:5      | Entered Level 5 of the Dungeon
  5104 | D:5      | Found Lusaunk's General Store.
  5130 | D:5      | Bought a scroll of identify for 26 gold pieces
  5204 | D:5      | Noticed Prince Ribbit
  5207 | D:5      | Reached skill level 6 in Long Blades
  5220 | D:5      | Killed Prince Ribbit
  5618 | D:5      | Reached skill level 5 in Armour
  5618 | D:5      | Reached skill level 5 in Dodging
  5636 | D:5      | Identified the +2 helmet of the Hunter {rF+ Regen+ Slay+3}
  5790 | D:5      | Found a blossoming altar of Fedhas.
  5794 | D:5      | Found an ornate altar of the Wu Jian Council.
  5797 | D:5      | Found an iron altar of Okawaru.
  5924 | D:6      | Reached XP level 9. HP: 75/75 MP: 9/9
  5948 | D:6      | Reached **** piety under Trog
  5949 | D:6      | Reached skill level 7 in Long Blades
  6121 | D:6      | Reached skill level 8 in Long Blades
  6151 | D:6      | Found a runed translucent door.
  6152 | D:6      | Noticed Crazy Yiuf
  6205 | D:6      | Noticed a two-headed ogre
  6671 | D:7      | Found a flagged portal.
  6714 | Bailey   | Entered a bailey
  6825 | Bailey   | Reached skill level 9 in Long Blades
  6933 | Bailey   | Noticed an orc knight
  6968 | Bailey   | Killed an orc knight
  6969 | Bailey   | Reached skill level 10 in Long Blades
  7124 | Bailey   | Reached XP level 10. HP: 67/82 MP: 10/10
  7175 | Bailey   | Found an iron altar of Okawaru.
  7178 | Bailey   | Noticed a rust devil
  7180 | Bailey   | Reached skill level 11 in Long Blades
  7375 | Bailey   | Noticed an orc knight
  7388 | Bailey   | Killed an orc knight
  7563 | D:7      | Reached skill level 12 in Long Blades
  7570 | D:7      | Identified the ring "Ulei" {rF+ EV+4 Str+4}
  7642 | D:7      | Found Eplawyum's Assorted Antiques.
  7651 | D:7      | Bought a crystal long sword for 229 gold pieces
  7651 | D:7      | Identified the +6 long sword of Yesterday {flame, rPois rF-
                  | rN+ Stlth+} (You bought it in a shop on level 7 of the
                  | Dungeon)
  7835 | D:7      | Noticed a gargoyle
  7892 | D:7      | Killed a gargoyle
  8250 | D:7      | Acquired a manual of Long Blades
  8251 | D:7      | Acquired the +4 barding of Claustrophobia {rElec rF+ rCorr
                  | Str+6}
  8274 | D:8      | Reached skill level 13 in Long Blades
  8333 | D:8      | Noticed a rakshasa
  8344 | D:8      | Killed a rakshasa
  8344 | D:8      | Reached ***** piety under Trog
  8345 | D:8      | Reached skill level 14 in Long Blades
  8346 | D:8      | Noticed a seven-headed hydra
  8351 | D:8      | Killed a five-headed hydra
  8351 | D:8      | Noticed a purple ugly thing
  8352 | D:8      | Reached skill level 15 in Long Blades
  8352 | D:8      | Reached XP level 11. HP: 82/88 MP: 11/11
  8354 | D:8      | Noticed a two-headed ogre
  8359 | D:8      | Killed a purple ugly thing
  8363 | D:8      | Killed a two-headed ogre
  8393 | D:8      | Reached skill level 16 in Long Blades
  8542 | D:8      | Found a shimmering blue altar of Sif Muna.
  8700 | D:8      | Identified the +8 great sword "Kyes" {vorpal, rPois rF+
                  | Will+} (Trog gifted it to you on level 8 of the Dungeon)
  8700 | D:8      | Received a gift from Trog
  8951 | D:8      | Reached skill level 17 in Long Blades
  9022 | D:8      | Found a runed translucent door.
  9287 | D:8      | Noticed croobank's ghost (novice GnDe)
  9292 | D:8      | Killed croobank's ghost
  9343 | D:9      | Reached skill level 18 in Long Blades
  9423 | D:9      | Noticed a boulder beetle
  9429 | D:9      | Killed a boulder beetle
  9505 | D:9      | Found a staircase to the Orcish Mines.
  9508 | D:9      | Identified the +3 falchion of Fesufa {freeze, Str+2}
  9608 | D:9      | Found a glowing silver altar of Zin.
  9610 | D:9      | Noticed a two-headed ogre
  9613 | D:9      | Killed a two-headed ogre
  9634 | D:9      | Found an ancient bone altar of Kikubaaqudgha.
  9698 | D:10     | Entered Level 10 of the Dungeon
 10056 | D:10     | Reached XP level 12. HP: 95/95 MP: 12/12
 10568 | D:11     | Noticed a two-headed ogre
 10573 | D:11     | Killed a two-headed ogre
 10574 | D:11     | Reached skill level 19 in Long Blades
 10651 | D:11     | Noticed a two-headed ogre
 10653 | D:11     | Killed a two-headed ogre
 10772 | D:11     | Found a staircase to the Lair.
 10890 | D:11     | Noticed Gastronok
 10895 | D:11     | Killed Gastronok
 11231 | D:12     | Noticed a boulder beetle
 11234 | D:12     | Killed a boulder beetle
 11246 | D:12     | Noticed a death knight
 11263 | D:12     | Killed a death knight
 11940 | D:13     | Reached XP level 13. HP: 104/104 MP: 13/13
 11998 | D:13     | Found a gate to the Vaults.
 12003 | D:13     | Received a gift from Trog
 12030 | D:13     | Reached skill level 20 in Long Blades
 12559 | D:14     | Noticed Frances
 12564 | D:14     | Killed Frances
 12590 | D:14     | Reached skill level 10 in Armour
 12654 | D:14     | Found Leiredd's Weapon Boutique.
 12945 | D:14     | Reached skill level 10 in Fighting
 13025 | D:15     | Entered Level 15 of the Dungeon
 13341 | D:15     | Reached XP level 14. HP: 99/118 MP: 14/14
 13354 | D:15     | Found a staircase to the Depths.
 13578 | D:15     | Found a portal to a secret trove of treasure.
 14240 | Orc:1    | Entered Level 1 of the Orcish Mines
 14243 | Orc:1    | Noticed Jorgrun
 14314 | Lair:1   | Entered Level 1 of the Lair of Beasts
 14606 | Lair:1   | Received a gift from Trog
 14692 | Lair:1   | Reached skill level 1 in Evocations
 14719 | Lair:1   | Found the +6 shillelagh "Devastator" {shatter}
 15261 | Lair:2   | Noticed Maggie
 15264 | Lair:2   | Killed Maggie
 15433 | Lair:2   | Found a hole to the Spider Nest.
 16228 | Lair:3   | Found an opulent altar of Gozag.
 16244 | Lair:3   | Noticed pdpol's ghost (journeyman GnWn)
 16405 | Lair:3   | Found a runed translucent gate.
 16405 | Lair:3   | Found a runed translucent gate.
 16406 | Lair:3   | Found a runed translucent gate.
 16819 | Lair:3   | Killed pdpol's ghost
 16873 | Lair:3   | Got the ring of Puliudur {Fire Int+4}
 16993 | Lair:4   | Found a staircase to the Snake Pit.
 17239 | Lair:4   | Reached XP level 15. HP: 128/128 MP: 15/15
 17334 | Lair:4   | Found a transporter.
 17335 | Lair:4   | Found a transporter.
 17823 | Lair:5   | Received a gift from Trog
 17827 | Lair:5   | Reached skill level 5 in Evocations
 17976 | Lair:5   | Found a viscous altar of Jiyva.
 17977 | Lair:5   | Found a staircase to the Slime Pits.
 18107 | Lair:5   | You fall into a shaft and drop 1 floor!
 18107 | Lair:6   | Entered Level 6 of the Lair of Beasts
 18175 | Lair:6   | Reached ****** piety under Trog
 18820 | Lair:6   | Received a gift from Trog
 18882 | Lair:6   | Found a runed translucent door.
 20594 | D:6      | Found a staircase to the Ecumenical Temple.
 20659 | D:6      | Killed Crazy Yiuf
 21364 | D:5      | Bought 2 potions of resistance for 260 gold pieces
 21364 | D:5      | Bought a potion of invisibility for 104 gold pieces
 21408 | D:7      | Bought a potion of heal wounds for 135 gold pieces
 21408 | D:7      | Bought a scroll of identify for 54 gold pieces
 21536 | D:2      | Bought a scroll of fear for 42 gold pieces
 21536 | D:2      | Bought 2 scrolls of magic mapping for 84 gold pieces
 21536 | D:2      | Bought a scroll of fear for 42 gold pieces
 21536 | D:2      | Bought a scroll of acquirement for 624 gold pieces
 21536 | D:2      | Bought a scroll of identify for 24 gold pieces
 21536 | D:2      | Bought a scroll of immolation for 42 gold pieces
 21536 | D:2      | Acquired 498 gold pieces
 22012 | Orc:1    | Killed Jorgrun
 22013 | Orc:1    | Reached skill level 1 in Crossbows
 22261 | Orc:2    | Entered Level 2 of the Orcish Mines
 22282 | Orc:2    | Found a staircase to the Elven Halls.
 22369 | Orc:2    | Received a gift from Trog
 22464 | Orc:2    | Noticed Urug
 22607 | Orc:2    | Killed Urug
 22665 | Orc:2    | Reached XP level 16. HP: 139/139 MP: 16/16
 22677 | Orc:2    | Found Madghak's Jewellery Shop.
 22677 | Orc:2    | Found Domnohot's Antique Armour Shop.
 22690 | Orc:2    | Found Xeirrimn's Jewellery Shoppe.
 22692 | Orc:2    | Found Zuotsy's Distillery.
 22983 | Orc:2    | Bought the macabre finger necklace {rN+} for 480 gold
                  | pieces
 22983 | Orc:2    | Found the macabre finger necklace {rN+}
 23006 | Orc:2    | Bought a potion of mutation for 112 gold pieces
 23006 | Orc:2    | Bought a potion of curing for 42 gold pieces
 23006 | Orc:2    | Bought a potion of resistance for 140 gold pieces
 23006 | Orc:2    | Bought a potion of flight for 42 gold pieces
 23006 | Orc:2    | Bought a potion of lignification for 42 gold pieces
 23006 | Orc:2    | Bought a potion of might for 56 gold pieces
 23006 | Orc:2    | Bought 2 potions of cancellation for 224 gold pieces
 23006 | Orc:2    | Bought a potion of resistance for 140 gold pieces
 23011 | Orc:2    | Bought a glowing plate armour for 650 gold pieces
 23065 | Elf:1    | Entered Level 1 of the Elven Halls
 23080 | Elf:1    | Received a gift from Trog
 23190 | Elf:1    | Found a frozen archway.
 23197 | IceCv    | Entered an ice cave
 23494 | IceCv    | Found the +7 Spriggan's Knife {stab, EV+4 Stlth+}
 23607 | Elf:1    | Reached skill level 5 in Crossbows
 23750 | Elf:1    | Identified the +5 dagger "Aubergine" {venom, rN+ Stlth+}
 23851 | Elf:1    | Identified the +7 long sword of Viutiv {elec, *Corrode
                  | +Blink Int+4 Stlth+}
 24222 | Elf:2    | Found an ancient bone altar of Kikubaaqudgha.
 24225 | Elf:2    | Received a gift from Trog
 24261 | Elf:2    | Found a magical portal.
 24287 | WizLab   | Entered The Roulette of Golubria
 24287 | WizLab   | Found a transporter.
 24290 | WizLab   | Found a corrupted altar of Lugonu.
 24329 | WizLab   | Found a transporter.
 24332 | WizLab   | Found a transporter.
 24365 | WizLab   | Found a transporter.
 24384 | WizLab   | Found a transporter.
 24396 | WizLab   | Found a transporter.
 24403 | WizLab   | Reached skill level 15 in Fighting
 24488 | WizLab   | Found a transporter.
 24547 | WizLab   | Found a transporter.
 24549 | WizLab   | Noticed a tentacled starspawn
 24572 | WizLab   | Found a transporter.
 24586 | WizLab   | Noticed a profane servitor
 24607 | WizLab   | Found a corrupted altar of Lugonu.
 24608 | WizLab   | Found a transporter.
 24638 | WizLab   | Found a transporter.
 24818 | WizLab   | Found a transporter.
 24818 | WizLab   | Found a transporter.
 24838 | WizLab   | Got Sif Muna's Almanac of Translocation
 24880 | WizLab   | Got Golubria's Compendium of the Compass
 24902 | WizLab   | Found a transporter.
 24964 | WizLab   | Identified the +2 cloak of the Purple Skies {rF+ rC+}
 24980 | WizLab   | Found a transporter.
 25030 | WizLab   | Found a transporter.
 25035 | WizLab   | Killed a tentacled starspawn
 25041 | WizLab   | Found a transporter.
 25041 | WizLab   | Found a transporter.
 25043 | WizLab   | Noticed a tentacled starspawn
 25044 | WizLab   | Killed a tentacled starspawn
 25075 | WizLab   | Found a transporter.
 25075 | WizLab   | Found a transporter.
 25086 | WizLab   | Killed a profane servitor
 25087 | WizLab   | Reached XP level 17. HP: 151/151 MP: 17/17
 25262 | Elf:2    | Found a runed translucent gate.
 25295 | Elf:2    | Found a runed translucent gate.
 25296 | Elf:2    | Found a runed translucent gate.
 25370 | Elf:2    | Identified the +1 robe of Eternal Vigilance {SInv}
 25374 | Elf:2    | Received a gift from Trog
 25659 | Elf:2    | Cast into level 3 of the Abyss (+0 halberd of distortion)
 25986 | Elf:2    | Escaped the Abyss
 26014 | Elf:2    | Noticed a deep elf blademaster
 26018 | Elf:2    | Killed a deep elf blademaster
 26030 | Elf:2    | Identified the +11 great sword "Xosips" {vorpal, rN+} (Trog
                  | gifted it to you on level 2 of the Elven Halls)
 26030 | Elf:2    | Received a gift from Trog
 26346 | Elf:3    | Entered Level 3 of the Elven Halls
 26352 | Elf:3    | Found Tuochuso's Antique Armour Shop.
 26368 | Elf:3    | Found Yloikk's Magic Scroll Boutique.
 26385 | Elf:3    | Paralysed by an air elemental for 1 turns
 26401 | Elf:3    | Reached skill level 10 in Crossbows
 26571 | Elf:3    | Found Rahiplos's Assorted Antiques.
 26708 | Elf:3    | Found Gaex's Jewellery Emporium.
 26731 | Elf:3    | Noticed a deep elf blademaster
 26732 | Elf:3    | Noticed a deep elf blademaster
 26742 | Elf:3    | Killed a deep elf blademaster
 26743 | Elf:3    | Killed a deep elf master archer
 26748 | Elf:3    | Reached XP level 18. HP: 127/165 MP: 18/18
 26785 | Elf:3    | Identified the ring "Laosigiy" {Int+4 Slay+4}
 26786 | Elf:3    | Identified the +9 short sword "Sis Ask" {drain, *Rage Drain
                  | rCorr Str+8}
 26968 | Elf:3    | Identified the +12 great sword of Severance {flame, rN+
                  | Int-2 Dex+2} (Trog gifted it to you on level 3 of the Elven
                  | Halls)
 26968 | Elf:3    | Received a gift from Trog
 27070 | Elf:3    | Identified the amulet "Sizuol" {Acrobat Will+}
 27090 | Elf:3    | Identified the amulet "Heqeth" {Spirit rN+}
 27094 | Elf:3    | Identified the +4 scale mail of Jonnueha {Will+ Regen+}
 27097 | Elf:3    | Identified the +8 shortbow of Uwufeem {vorpal, Int+6}
 27335 | Elf:3    | Identified the +7 scythe "Fuuhelah" {vorpal, rN+ Will+
                  | Str-4 SInv}
 27336 | Elf:3    | Identified the +0 buckler of Cocytus {Harm rN+ Regen+}
 27388 | Elf:3    | Got the Almanac of Fire and Toxins
 27529 | Elf:3    | Bought a scroll of acquirement for 832 gold pieces
 27529 | Elf:3    | Acquired 737 gold pieces
 27531 | Elf:3    | Bought a scroll of acquirement for 832 gold pieces
 27531 | Elf:3    | Acquired a manual of Armour
 27811 | Slime:1  | Entered Level 1 of the Pits of Slime
 28272 | Slime:3  | Received a gift from Trog
 28326 | Slime:4  | Reached skill level 15 in Armour
 28356 | Slime:5  | Entered Level 5 of the Pits of Slime
 28797 | Slime:5  | Noticed the Royal Jelly
 29497 | Slime:5  | Noticed a shard shrike shaped Royal Jelly
 29497 | Slime:5  | the Royal Jelly changed into a shard shrike shaped Royal
                  | Jelly
 29777 | Slime:5  | Found a viscous altar of Jiyva.
 29784 | Slime:5  | Fell from the grace of Trog
 29784 | Slime:5  | Became a worshipper of Jiyva Jeliumem the Shapeless
 29920 | Slime:5  | Noticed a ghost moth shaped Royal Jelly
 29920 | Slime:5  | a shard shrike shaped Royal Jelly changed into a ghost moth
                  | shaped Royal Jelly
 29923 | Slime:5  | Killed a ghost moth shaped Royal Jelly
 29924 | Slime:5  | Reached XP level 19. HP: 126/176 MP: 6/19
 30009 | Slime:5  | Got the Incunabulum of the Volcanoes and Enchantment
 30025 | Slime:5  | Identified the +2 robe of the Game Afoot {Rampage rElec
                  | Int+3 Stlth-}
 30049 | Slime:5  | Got Tuill's Tome of Lethal Poisoning
 30055 | Slime:5  | Identified the +2 morningstar of Glory {pain, rC+ rN++
                  | Str+2}
 30062 | Slime:5  | Identified the +2 glaive of Termination {flame, rElec}
 30066 | Slime:5  | Got a slimy rune of Zot
 30315 | Slime:4  | Reached * piety under Jiyva
 31010 | Slime:2  | Reached ** piety under Jiyva
 31571 | Spider:1 | Entered Level 1 of the Spider Nest
 31670 | Spider:1 | Reached *** piety under Jiyva
 31774 | Spider:1 | Gained mutation: You have a pair of small horns on your
                  | head. [Jiyva's grace]
 31774 | Spider:1 | Gained mutation: You have a pair of horns on your head.
                  | [Jiyva's grace]
 31774 | Spider:1 | Gained mutation: You have a pair of large horns on your
                  | head. [Jiyva's grace]
 31774 | Spider:1 | Gained mutation: Your tail ends in a venomous barb.
                  | [Jiyva's grace]
 32247 | Spider:1 | Reached **** piety under Jiyva
 33108 | Spider:2 | Lost mutation: You have a pair of large horns on your head.
                  | [Jiyva's grace]
 33108 | Spider:2 | Gained mutation: You have a small jelly attached to you
                  | that may absorb projectiles. [Jiyva's grace]
 33108 | Spider:2 | Gained mutation: You are resistant to electric shocks.
                  | (rElec) [Jiyva's grace]
 33108 | Spider:2 | Gained mutation: You are partially covered in large bone
                  | plates. (SH +4) [Jiyva's grace]
 33108 | Spider:2 | Gained mutation: You are mostly covered in large bone
                  | plates. (SH +6) [Jiyva's grace]
 33217 | Spider:2 | Reached ***** piety under Jiyva
 33348 | Spider:2 | Found a runed translucent gate.
 33349 | Spider:2 | Found a runed translucent gate.
 33349 | Spider:2 | Found a runed translucent gate.
 33349 | Spider:2 | Noticed Kusoirgh's ghost (adept MiBe)
 33358 | Spider:2 | Killed Kusoirgh's ghost
 33442 | Spider:2 | Paralysed by Trog for 7 turns
 33443 | Spider:2 | Noticed Arachne
 33463 | Spider:2 | Killed Arachne
 34188 | Spider:3 | Noticed Louise
 34193 | Spider:3 | Killed Louise
 34838 | Spider:4 | Entered Level 4 of the Spider Nest
 35060 | Spider:4 | Lost mutation: You have a pair of horns on your head.
                  | [Jiyva's grace]
 35060 | Spider:4 | Lost mutation: Your tail ends in a venomous barb. [Jiyva's
                  | grace]
 35060 | Spider:4 | Lost mutation: You are mostly covered in large bone plates.
                  | (SH +6) [Jiyva's grace]
 35060 | Spider:4 | Lost mutation: You have a small jelly attached to you that
                  | may absorb projectiles. [Jiyva's grace]
 35060 | Spider:4 | Gained mutation: You have a small jelly attached to you
                  | that senses nearby items. [Jiyva's grace]
 35060 | Spider:4 | Gained mutation: You are strong-willed. (Will+) [Jiyva's
                  | grace]
 35060 | Spider:4 | Gained mutation: You are highly strong-willed. (Will++)
                  | [Jiyva's grace]
 35060 | Spider:4 | Gained mutation: You are extremely strong-willed. (Will+++)
                  | [Jiyva's grace]
 35084 | Spider:3 | HP: 2/178 [wolf spider (16)]
 35086 | Spider:3 | Slain by a wolf spider

Illustrated notes

Levels and vault maps discovered:
D:1:      tarquinn_simple_flora_water_c, layout_loops_cross
D:2:      kennysheep_the_goblin_king, layout_rooms, basic_ecumenical_altar,
          serial_shops, nicolae_shop_hallway_plus, hangedman_feature_mirror,
          lexackson_kobold_supper, uniq_robin
D:3:      layout_basic, nicolae_figureground_sparkle
D:4:      cheibrodos_quashed, layout_rooms, uniq_edmund, uniq_sigmund,
          uniq_eustachio
D:5:      layout_gridville, minmay_overflow_temple_star_quad, serial_shops,
          nicolae_stop_n_shop_1, uniq_prince_ribbit1, uniq_ijyb
D:6:      layout_basic, minmay_temple_entry_proselytizer,
          chequers_serial_rivers_micro_b, uniq_crazy_yiuf_cottage
D:7:      kennysheep_big_flooded_room, layout_loops_ring, enter_bailey_4,
          serial_shops, nicolae_diamond_shop, minmay_misc_feat_diagonals
D:8:      minmay_the_grid_square_5x5_3x3
          [minmay_the_grid_square_5x5_two_walls_b,
          minmay_the_grid_square_5x5_eight_small,
          minmay_the_grid_square_5x5_beaten_path,
          minmay_the_grid_square_5x5_inner_i,
          minmay_the_grid_square_5x5_megaprize_checkered,
          minmay_the_grid_square_5x5_inner_v,
          minmay_the_grid_square_5x5_two_small,
          minmay_the_grid_square_5x5_eight,
          minmay_the_grid_square_5x5_checkered], layout_basic,
          mainiacjoe_overflow_alcove_1, ebering_ghost_reflecting_pool
D:9:      layout_basic, mainiacjoe_overflow_big_doors
D:10:     layout_gridville
D:11:     lemuel_flame_loot_2, layout_irregular_city, david_lair_shrubbed,
          serial_column_ruins, column_ruins_square_small,
          column_ruins_square_medium, column_ruins_columns_straight,
          column_ruins_open_small_water, column_ruins_grid_2,
          column_ruins_open_medium, column_ruins_grid_1, uniq_gastronok
D:12:     layout_big_octagon, nicolae_sextant
D:13:     layout_roguey, erik_vaults_2
D:14:     layout_loops_cross, serial_shops, nicolae_shop_bloodbath_and_beyond,
          grunt_decor_arrowhead, uniq_frances
D:15:     gammafunk_depths_entry_grave, layout_loops_corners,
          nicolae_trove_entry_columns, minmay_misc_feat_plants, kb_rosetta
Lair:1:   layout_chaotic_city
Lair:2:   layout_regular_city, nicolae_spider_entry_tight_spaces,
          nicolae_lair_grove_arrangements, chequers_serial_rivers_micro_b,
          uniq_maggie
Lair:3:   layout_regular_city, basic_altar, gammafunk_ghost_icy,
          serial_bayou_shore_b
Lair:4:   gammafunk_boulding_lane, layout_misc_corridors,
          guppyfry_snake_entry_island
Lair:5:   layout_regular_city, slime_altar_1, lemuel_fruit_tree,
          grunt_megastairs_5
Lair:6:   hangedman_lair_caniforms_friends, layout_hall_layers, wormcave,
          minmay_lair_oklob_bushes, chequers_serial_rivers_micro_d,
          nicolae_lair_time_for_slime, lemuel_fruit_fields
Spider:1: layout_chambers, beargit_elvish_explorers
Spider:2: layout_chambers, ebering_ghost_rock_garden, special_room
          [special_room_bee], uniq_arachne
Spider:3: layout_cave_pods, uniq_louise
Spider:4: grunt_spider_rune_parallel
Slime:1:  layout_caves
Slime:2:  layout_caves
Slime:3:  cheibrodos_slime_lost_civilization_1, layout_caves
Slime:4:  layout_caves
Slime:5
Orc:1:    layout_caves, basic_altar, uniq_jorgrun
Orc:2:    st_orc_elflike, layout_diamond_mine, mines2_lemuel, uniq_urug
Elf:1:    eino_elf_arrival_sip, layout_loops_cross,
          portal_ice_cave_entry_dragon, hangedman_elf_represent
Elf:2:    elven_hall_of_blades_hangedman_original
          [nicolae_blade_entry_floor_patterns], layout_loops_ring,
          lightli_enter_wizlab_magi_temple, basic_altar
Elf:3:    elf_hall, layout_rooms, serial_shops, nicolae_shop_overgrown_old_shop,
          nicolae_shop_overgrown_old_shop,
          nicolae_shop_competitors_out_of_business, nicolae_shop_behind_doors,
          nrook_mini_backslash

Skill      XL: |  1  2  3  4  5  6  7  8  9 10 11 12 13 14 15 16 17 18 19 |
---------------+----------------------------------------------------------+-----
Dodging        | 2 3 4 5 |  5.0
Armour         | 2 3 4 5 7 10 12 14 15 17 | 17.0
Long Blades    | 4 5 6 10 15 18 19 20 | 20.0
Fighting       | 4 5 6 8 10 11 13 15 17 18 19 | 19.6
Evocations     | 4 8 |  8.0
Crossbows      | 1 7 10 12 13 | 13.2

Action                   |  1- 3 |  4- 6 |  7- 9 | 10-12 | 13-15 | 16-18 | 19-21 || total
-------------------------+-------+-------+-------+-------+-------+-------+-------++-------
Melee: Falchion          |   108 |   127 |   202 |       |       |       |       ||   437
       Tailslap          |    11 |    18 |    41 |    42 |   135 |   171 |    56 ||   474
       Long sword        |       |       |    93 |   104 |       |       |       ||   197
       Scimitar          |       |       |    36 |    40 |       |       |       ||    76
       Great sword       |       |       |       |   160 |   761 |   834 |   355 ||  2110
       Headbutt          |       |       |       |       |       |       |    85 ||    85
Throw: Dart              |       |    19 |    31 |       |       |       |       ||    50
Invok: Berserk           |     1 |     2 |    12 |     8 |     8 |     8 |       ||    39
       Trog's Hand       |       |       |     2 |       |     3 |       |       ||     5
       Brothers in Arms  |       |       |     1 |     1 |       |       |       ||     2
       Oozemancy         |       |       |       |       |       |       |     1 ||     1
 Abil: Rolling Charge    |    22 |    15 |    29 |    69 |   150 |   177 |    46 ||   508
Evoke: Wand              |       |       |     2 |     1 |     1 |     8 |     1 ||    13
       Condenser vane    |       |       |       |       |       |     1 |       ||     1
  Use: Scroll            |       |       |     4 |    11 |    21 |    10 |     1 ||    47
       Potion            |       |       |       |       |     1 |     7 |     4 ||    12
 Stab: Distracted        |       |       |       |       |     1 |     2 |     1 ||     4
       Betrayed ally     |       |       |       |       |       |     1 |       ||     1
       Held in net/web   |       |       |       |       |       |       |     1 ||     1
Armor: Animal skin       |    11 |       |       |       |       |       |       ||    11
       Ring mail         |    45 |    83 |   118 |     4 |       |       |       ||   250
       Scale mail        |       |       |       |   121 |   318 |   386 |   262 ||  1087
       Plate armour      |       |       |       |       |       |   321 |       ||   321
Dodge: Dodged            |    38 |    83 |   160 |   138 |   384 |   367 |   209 ||  1379
Block: Orb               |       |       |       |       |       |       |    48 ||    48

Table legend: (Time is in decaauts)
 A = Elapsed time spent in this place.
 B = Non-inter-level travel time spent in this place.
 C = Inter-level travel time spent in this place.
 D = Time resting spent in this place.
 E = Time spent auto-exploring this place.
 F = Levels seen in this place.
 G = Mean time per level.
                   A        B        C        D        E       F      G
               +--------+--------+--------+--------+--------+-----+--------+
         Total |  35076 |  31225 |   3851 |   2595 |  22063 |  39 |  899.4 |
       Dungeon |  15491 |  13200 |   2291 |    568 |  10119 |  15 | 1032.7 |
          Lair |   6000 |   5183 |    817 |      1 |   4359 |   6 | 1000.0 |
   Spider Nest |   3479 |   3333 |    146 |    136 |   2609 |   4 |  869.8 |
    Slime Pits |   3640 |   3479 |    161 |   1239 |   1536 |   5 |  728.0 |
  Orcish Mines |   1105 |    979 |    126 |     46 |    652 |   2 |  552.5 |
   Elven Halls |   2966 |   2659 |    307 |    234 |   1738 |   3 |  988.7 |
         Abyss |    325 |    325 |      0 |     91 |    140 |   1 |  325.0 |
        Bailey |    881 |    881 |      0 |    131 |    415 |   1 |  881.0 |
      Ice Cave |    336 |    336 |      0 |    145 |     32 |   1 |  336.0 |
        Wizlab |    850 |    850 |      0 |      1 |    460 |   1 |  850.0 |
               +--------+--------+--------+--------+--------+-----+--------+

Top non-repeatable levels by time:
     D:3: 1793 daAuts
  Lair:6: 1546 daAuts
 Slime:5: 1447 daAuts
     D:4: 1417 daAuts
     D:5: 1299 daAuts
Spider:2: 1197 daAuts
     D:8: 1180 daAuts
    D:15: 1159 daAuts
   Elf:3: 1141 daAuts
Spider:1: 1129 daAuts
Spider:3: 1113 daAuts
     D:2: 1111 daAuts
  Lair:2: 1055 daAuts
     D:1: 1038 daAuts
  Lair:3: 1010 daAuts
